 Dungeon Sprint DCSS version 0.22.1-2-g9c5b331383 (webtiles) character file.

8200000 Elric the Conqueror (level 27, -24/271 (273) HPs)
             Began as a Minotaur Gladiator on Nov 22, 2018.
             Was the Champion of Makhleb.
             Annihilated by a large bag of meat
             ... wielding a +9 giant spiked club
              (115 damage)
             ... in the Dungeon (Sprint VIII: "Arena of Blood").
             The game lasted 00:03:28 (82 turns).

Elric the Conqueror (Minotaur Gladiator)              Turns: 82, Time: 00:03:29

HP:   -24/271 (273) AC:  6    Str: 20    XL:     27
MP:   34/53         EV: 36    Int:  5    God:    Makhleb [******]
Gold: 0             SH:  0    Dex: 24    Spells: 80/80 levels left

rFire    . . .     SeeInvis .   k - +∞ Axe of Woe
rCold    . . .     Gourm    .   (shield currently unavailable)
rNeg     . . .     Faith    .   a - +0 leather armour
rPois    .         Spirit   .   b - +0 hat
rElec    .         Reflect  .   (no cloak)
rCorr    .         Harm     .   (no gloves)
MR       ++...     NoTele   +   (no boots)
Stlth    +++++++++.             (no amulet)
HPRegen  0.55/turn              f - +30 ring of slaying
MPRegen  0.33/turn              l - +200 ring of slaying

@: slowed, very slow
A: retaliatory headbutt, horns 2
a: Minor Destruction, Lesser Servant of Makhleb, Major Destruction, Greater
Servant of Makhleb, Renounce Religion


You were in the Dungeon.
You worshipped Makhleb.
Makhleb was exalted by your worship.
You were not hungry.

You visited 1 branch

Inventory:

Hand Weapons
 k - the +∞ Axe of Woe (weapon)
   (You found it in the Dungeon)
Missiles
 c - 3 throwing nets (quivered)
Armour
 a - a +0 leather armour (worn)
 b - a +0 hat (worn)
Jewellery
 f - a +30 ring of slaying (left hand)
 l - a +200 ring of slaying (right hand)
Scrolls
 j - a scroll of blinking
Potions
 e - a potion of curing
 g - a potion of haste
 h - 2 potions of magic
 i - a potion of berserk rage
Comestibles
 d - a ration


   Skills:
 O Level 27 Fighting
 O Level 27 Axes
 O Level 27 Throwing
 O Level 27 Armour
 O Level 27 Dodging
 O Level 27 Stealth
 O Level 27 Unarmed Combat
 O Level 27 Spellcasting
 O Level 27 Invocations


You had 80 spell levels left.
You didn't know any spells.
Your spell library was empty.

Dungeon Overview and Level Annotations

Branches:
Dungeon (1/1)

Altars:
Makhleb


Innate Abilities, Weirdness & Mutations

You reflexively headbutt those who attack you in melee.
You have a pair of horns on your head.


Message History

You hear a shout! x2
You hear a shout!
A meat beast comes into view.
You hear a shout!
The meat berserker rages. x2
You hear a shout! x5
The accursed points at you and mumbles some strange words.
Something smites you!
You hear a shout!
A meat berserker comes into view. It is wielding a +9 battleaxe.
You hear a shout!
The meat berserker hits you with a +9 battleaxe!!
A bag of meat comes into view. It is wielding a +9 war axe.
The bag of meat completely misses you. You furiously retaliate!
You headbutt the bag of meat!!!
You hear a shout!
The accursed appears out of thin air!
An accursed comes into view.
The large bag of meat hits you with a +9 giant spiked club!!!! x2
You die...

o................
#............%...
..............§
V..........%.o. .
#..))...# .#..
#..)))).#
.....###)))))).###...
......))V)###))...§..
..#o§WMO@))_)D)......
#§§.oo.o#Oo)))#......
...MO.O.#z.<._#......
#.o.....#.....# .....
.o#........_.........
..........###........
.o.2###.O. ...###...
.... #... ..# #...
..#


You could see 2 accurseds, a meat beast, an eight-headed meat hydra (wandering),
a destroyer, a sculptor of flesh, a large bag of meat (inner flame), a dread, 4
meat berserkers and 8 bags of meat.

Vanquished Creatures
  3 hell beasts (D)
  2 greater mummies (D)
  2 wraiths (D)
  Harold (D)
  12 vampire knights (D)
  23 ogres (D)
  A two-headed ogre (D)
  3 liches (D)
  A hydra (D)
  47 orcs (D)
  3 skeletal warriors (D)
  6 large abominations (D)
  3 small abominations (D)
  10 crawling corpses (D)
117 creatures vanquished.

Vanquished Creatures (others)
  A crawling corpse (D)
1 creature vanquished.

Grand Total: 118 creatures vanquished

Notes
Turn   | Place    | Note
-------+----------+-------------------------------------------
     0 | D        | Found the +∞ Axe of Woe
     0 | D        | Elric the Minotaur Gladiator began the quest for the Orb.
     0 | D        | Reached XP level 1. HP: 18/18 MP: 0/0
     2 | D        | Noticed a bag of meat
     3 | D        | Noticed a bag of meat
     6 | D        | Killed a bag of meat
     6 | D        | Reached skill level 15 in Dodging
     6 | D        | Reached skill level 15 in Unarmed Combat
     6 | D        | Reached XP level 2. HP: 51/51 MP: 1/1
     6 | D        | Reached XP level 3. HP: 58/58 MP: 2/2
     6 | D        | Reached XP level 4. HP: 66/66 MP: 3/3
     6 | D        | Reached XP level 5. HP: 73/73 MP: 4/4
     6 | D        | Reached XP level 6. HP: 81/81 MP: 5/5
     6 | D        | Reached XP level 7. HP: 88/88 MP: 6/6
     6 | D        | Reached XP level 8. HP: 95/95 MP: 7/7
     6 | D        | Reached XP level 9. HP: 102/102 MP: 8/8
     6 | D        | Reached XP level 10. HP: 111/111 MP: 9/9
     6 | D        | Reached XP level 11. HP: 117/117 MP: 10/10
     6 | D        | Noticed a bag of meat
     6 | D        | Noticed a bag of meat
     6 | D        | Noticed a bag of meat
     7 | D        | Killed a bag of meat
     7 | D        | Reached XP level 12. HP: 130/130 MP: 11/11
     7 | D        | Noticed a bag of meat
     7 | D        | Noticed a bag of meat
     7 | D        | Noticed a bag of meat
     7 | D        | Noticed a bag of meat
     8 | D        | Noticed a meat berserker
     8 | D        | Noticed a bag of meat
     8 | D        | Noticed a bag of meat
     9 | D        | Killed a bag of meat
     9 | D        | Reached XP level 13. HP: 141/141 MP: 12/12
     9 | D        | Noticed a bag of meat
     9 | D        | Noticed a bag of meat
    10 | D        | Killed a bag of meat
    10 | D        | Reached XP level 14. HP: 154/154 MP: 13/13
    10 | D        | Killed a bag of meat
    10 | D        | Noticed a bag of meat
    11 | D        | Killed a bag of meat
    11 | D        | Reached XP level 15. HP: 166/166 MP: 14/14
    12 | D        | Reached XP level 16. HP: 182/182 MP: 15/15
    12 | D        | Killed a meat berserker
    12 | D        | Reached skill level 27 in Fighting
    12 | D        | Reached skill level 27 in Armour
    12 | D        | Reached skill level 27 in Dodging
    12 | D        | Reached skill level 27 in Unarmed Combat
    12 | D        | Reached skill level 10 in Axes
    13 | D        | Reached skill level 15 in Axes
    13 | D        | Reached XP level 17. HP: 191/191 MP: 16/16
    13 | D        | Reached skill level 15 in Stealth
    14 | D        | Noticed a meat berserker
    15 | D        | Noticed a meat berserker
    15 | D        | Noticed a meat berserker
    15 | D        | Noticed a meat berserker
    16 | D        | Noticed a meat berserker
    17 | D        | Reached XP level 18. HP: 200/200 MP: 17/17
    18 | D        | Killed a meat berserker
    18 | D        | Reached skill level 27 in Axes
    18 | D        | Reached skill level 27 in Stealth
    18 | D        | Reached skill level 10 in Throwing
    18 | D        | Reached XP level 19. HP: 189/207 MP: 17/28
    18 | D        | Noticed a destroyer
    19 | D        | Killed a meat berserker
    19 | D        | Noticed a destroyer
    20 | D        | Reached skill level 15 in Spellcasting
    21 | D        | Killed a meat berserker
    21 | D        | Reached XP level 20. HP: 198/216 MP: 17/41
    21 | D        | Killed a meat berserker
    21 | D        | Reached skill level 27 in Throwing
    21 | D        | Noticed a destroyer
    23 | D        | Reached XP level 21. HP: 206/224 MP: 17/48
    23 | D        | Killed a destroyer
    23 | D        | Reached skill level 27 in Spellcasting
    23 | D        | Noticed a destroyer
    24 | D        | Killed a destroyer
    24 | D        | Reached XP level 22. HP: 215/233 MP: 18/52
    24 | D        | Noticed The Servant
    28 | D        | Killed a destroyer
    28 | D        | Reached XP level 23. HP: 72/240 MP: 19/53
    30 | D        | Killed a destroyer
    31 | D        | Became a worshipper of Makhleb the Destroyer
    32 | D        | Reached skill level 27 in Invocations
    32 | D        | HP: 12/240 [??? (9)]
    34 | D        | Noticed a destroyer
    35 | D        | Noticed a large bag of meat
    36 | D        | Killed a destroyer
    36 | D        | Reached * piety under Makhleb
    36 | D        | Reached XP level 24. HP: 23/249 MP: 21/53
    39 | D        | Reached ** piety under Makhleb
    40 | D        | Noticed an accursed
    41 | D        | Noticed a large bag of meat
    42 | D        | Noticed a destroyer
    44 | D        | Noticed an accursed
    45 | D        | Reached *** piety under Makhleb
    46 | D        | Reached **** piety under Makhleb
    46 | D        | Reached XP level 25. HP: 257/257 MP: 24/53
    47 | D        | Killed a large bag of meat
    47 | D        | Reached ***** piety under Makhleb
    47 | D        | Noticed a destroyer
    48 | D        | Noticed a destroyer
    48 | D        | Noticed a destroyer
    49 | D        | Killed The Servant
    50 | D        | Reached XP level 26. HP: 236/266 MP: 25/53
    50 | D        | Killed a destroyer
    50 | D        | Reached ****** piety under Makhleb
    50 | D        | Noticed a destroyer
    51 | D        | Noticed a tyrant
    51 | D        | Noticed a tyrant
    52 | D        | Killed a destroyer
    54 | D        | Killed a tyrant
    56 | D        | Reached XP level 27. HP: 46/273 MP: 26/53
    57 | D        | Killed a destroyer
    57 | D        | Killed a destroyer
    59 | D        | Noticed a meat beast
    61 | D        | Killed an accursed
    61 | D        | Killed a destroyer
    63 | D        | Noticed a meat beast
    64 | D        | Killed an accursed
    66 | D        | Killed a tyrant
    66 | D        | Noticed a destroyer
    67 | D        | Killed a meat beast
    67 | D        | Noticed a dread
    69 | D        | Noticed a tyrant
    69 | D        | Noticed a meat beast
    69 | D        | Noticed a destroyer
    70 | D        | Noticed a destroyer
    71 | D        | Killed a destroyer
    71 | D        | Killed a destroyer
    71 | D        | Noticed an accursed
    72 | D        | Killed a meat beast
    73 | D        | Noticed a dread
    74 | D        | Killed a meat beast
    74 | D        | Killed a dread
    77 | D        | Killed a dread
    79 | D        | Noticed a dread
    81 | D        | Killed a tyrant
    82 | D        | Noticed a meat beast
    82 | D        | Noticed an accursed
    82 | D        | Annihilated by a large bag of meat

Skill      XL: |  1  2  3  4  5  6  7  8  9 10 11 12 13 14 15 16 17 18 19 20 21 22 23 |
---------------+----------------------------------------------------------------------+-----
Fighting       | 17 19 20 22 24 26 27 | 27.0
Armour         | 16 19 20 22 24 26 27 | 27.0
Dodging        | 15 18 19 20 22 25 27 | 27.0
Unarmed Combat | 15 18 19 20 22 25 27 | 27.0
Axes           | 15 25 27 | 27.0
Stealth        | 12 20 27 | 27.0
Throwing       | 10 24 27 | 27.0
Spellcasting   | 7 18 24 27 | 27.0
Invocations    | 27 | 27.0

Action                   |  1- 3 |  4- 6 |  7- 9 | 10-12 | 13-15 | 16-18 | 19-21 | 22-24 | 25-27 || total
-------------------------+-------+-------+-------+-------+-------+-------+-------+-------+-------++-------
Melee: Executioner's axe |     1 |       |       |     2 |     3 |     4 |     5 |    12 |    25 ||    52
  Use: Potion            |       |       |       |       |       |       |       |     1 |       ||     1
 Stab: Distracted        |       |       |       |       |       |       |       |     1 |       ||     1
Armor: Leather armour    |       |       |       |       |       |     1 |       |     1 |     1 ||     3
Dodge: Dodged            |       |       |       |       |     1 |     2 |       |     2 |     7 ||    12
